PAA
SPRINGFIELD SHOOTERS @ ATLANTIC CITY SONICS
07/18/2038
 
TOP OF THE 1ST
Springfield Shooters batting - Pitching for Atlantic City Sonics : RHP Abakada Mana
Pitching: RHP Abakada Mana
Batting: LHB Herman Patton 0-0: Called Strike
0-1: Ball
1-1: Foul Ball, location: 2F
1-2: Ball
2-2: Ball
3-2: Fly out, F8 (Flyball, 8LD, EV 103.1 MPH)
Batting: RHB David Milliken 0-0: Swinging Strike
0-1: Swinging Strike
0-2: Strikes out swinging
Batting: LHB Sean Cox 0-0: Ball
1-0: Ball
2-0: Ball
3-0: Called Strike
3-1: Foul Ball, location: 2F
3-2: Base on Balls
Batting: RHB Manny Dedo 0-0: Called Strike
0-1: Ball
1-1: Ball
2-1: Ball
3-1: Ground out 4-3 (Groundball, 4, EV 82.5 MPH)
Top of the 1st over - 0 runs, 0 hits, 0 errors, 1 left on base; Springfield 0 - Atlantic City 0
BOTTOM OF THE 1ST
Atlantic City Sonics batting - Pitching for Springfield Shooters : LHP Morton Huffman
Pitching: LHP Morton Huffman
Batting: RHB Gary Jenkins 0-0: Bunt for hit to 5S - play at first, batter safe!
Batting: LHB Guan-pei Bei 0-0: Fly out, F7 (Flyball, 78M, EV 91.2 MPH)
Batting: RHB Luis Rodríguez 0-0: Called Strike
0-1: Ball
1-1: Foul Ball, location: 2F
1-2: Ball
2-2: Grounds into double play, 6-4-3 (Groundball, 6M, EV 108.8 MPH)
Bottom of the 1st over - 0 runs, 1 hit, 0 errors, 0 left on base; Springfield 0 - Atlantic City 0
TOP OF THE 2ND
Springfield Shooters batting - Pitching for Atlantic City Sonics : RHP Abakada Mana
Batting: RHB Olo Iukekini 0-0: SINGLE (Groundball, 34D, EV 105.6 MPH)
Batting: RHB Orlando Samundio 0-0: Swinging Strike
0-1: Called Strike
0-2: Strikes out swinging
Batting: RHB Ricardo Torres 0-0: Foul Ball, location: 2F
0-1: Foul Ball, location: 2F
0-2: Strikes out swinging
Batting: RHB Charles Sheffield 0-0: Called Strike
0-1: Foul Ball, location: 2F
0-2: Foul Ball, location: 2F
0-2: Ball
1-2: Fielders Choice at 2nd, 5-4 (Groundball, 5, EV 97.5 MPH)
Top of the 2nd over - 0 runs, 1 hit, 0 errors, 1 left on base; Springfield 0 - Atlantic City 0
BOTTOM OF THE 2ND
Atlantic City Sonics batting - Pitching for Springfield Shooters : LHP Morton Huffman
Batting: RHB Luke Kreijling 0-0: Called Strike
0-1: Ball
1-1: Ball
2-1: Swinging Strike
2-2: Foul Ball, location: 2F
2-2: Ball
3-2: Foul Ball, location: 2F
3-2: Fly out, F2 (Popup, 2RF, EV 87.5 MPH)
Batting: LHB Ricardo Yates 0-0: Called Strike
0-1: Foul Ball, location: 2F
0-2: Strikes out swinging
Batting: LHB David de Meij 0-0: Ball
1-0: Foul Ball, location: 2F
1-1: Ball
2-1: Ground out 4-3 (Groundball, 4, EV 104.4 MPH)
Bottom of the 2nd over - 0 runs, 0 hits, 0 errors, 0 left on base; Springfield 0 - Atlantic City 0
TOP OF THE 3RD
Springfield Shooters batting - Pitching for Atlantic City Sonics : RHP Abakada Mana
Batting: RHB Clay Myers 0-0: Ground out 1-3 (Groundball, P, EV 81.9 MPH)
Batting: LHB Herman Patton 0-0: Called Strike
0-1: Ball
1-1: Swinging Strike
1-2: Strikes out swinging
Batting: RHB David Milliken 0-0: Foul Ball, location: 2F
0-1: Called Strike
0-2: Strikes out swinging
Top of the 3rd over - 0 runs, 0 hits, 0 errors, 0 left on base; Springfield 0 - Atlantic City 0
BOTTOM OF THE 3RD
Atlantic City Sonics batting - Pitching for Springfield Shooters : LHP Morton Huffman
Batting: LHB Tim Gonzáles 0-0: Called Strike
0-1: Ball
1-1: Ball
2-1: Fly out, F8 (Flyball, 89M, EV 86.2 MPH)
Batting: RHB Sergio Zacagnini 0-0: Called Strike
0-1: Foul Ball, location: 2F
0-2: Ball
1-2: Ball
2-2: SINGLE (Groundball, 34D, EV 103.8 MPH)
Batting: LHB Bill Stanton 0-0: Fly out, F8 (Flyball, 8LS, EV 73.8 MPH)
Batting: RHB Gary Jenkins 0-0: Ball
1-0: Called Strike
1-1: Foul Ball, location: 2F
1-2: Foul Ball, location: 2F
1-2: Ball
2-2: Fly out, F8 (Flyball, 8RD, EV 104.4 MPH)
Bottom of the 3rd over - 0 runs, 1 hit, 0 errors, 1 left on base; Springfield 0 - Atlantic City 0
TOP OF THE 4TH
Springfield Shooters batting - Pitching for Atlantic City Sonics : RHP Abakada Mana
Batting: LHB Sean Cox 0-0: Called Strike
0-1: Ball
1-1: SINGLE (Groundball, 3D, EV 95.6 MPH)
Batting: RHB Manny Dedo 0-0: Called Strike
0-1: Ball
1-1: Foul Ball, location: 2F
1-2: SINGLE (Groundball, 5D, EV 104.4 MPH)
Sean Cox to second
Batting: RHB Olo Iukekini 0-0: Ball
1-0: Ball
2-0: Ball
3-0: Base on Balls
Sean Cox to third
Manny Dedo to second
Batting: RHB Orlando Samundio 0-0: Swinging Strike
0-1: Ball
1-1: Swinging Strike
1-2: Fielders Choice at 2nd, 3-6 (Groundball, 34, EV 82.5 MPH)
Sean Cox scores
Manny Dedo to third
Batting: RHB Ricardo Torres 0-0: Foul Ball, location: 2F
0-1: Ball
1-1: Ball
2-1: Foul Ball, location: 2F
2-2: Foul Ball, location: 2F
2-2: Strikes out looking
Batting: RHB Charles Sheffield 0-0: Called Strike
0-1: Ball
1-1: Called Strike
1-2: Ball
2-2: Foul Ball, location: 2F
2-2: SINGLE (Groundball, 56, EV 83.1 MPH) (infield hit)
Manny Dedo scores
Orlando Samundio to second
Batting: RHB Clay Myers 0-0: Ball
1-0: Swinging Strike
1-1: Swinging Strike
1-2: Ground out 1-3 (Groundball, 23, EV 66.9 MPH)
Top of the 4th over - 2 runs, 3 hits, 0 errors, 2 left on base; Springfield 2 - Atlantic City 0
BOTTOM OF THE 4TH
Atlantic City Sonics batting - Pitching for Springfield Shooters : LHP Morton Huffman
Batting: LHB Guan-pei Bei 0-0: Foul Ball, location: 2F
0-1: Ball
1-1: Ball
2-1: Foul Ball, location: 2F
2-2: SINGLE (Line Drive, 9LS, EV 89.4 MPH)
Batting: RHB Luis Rodríguez 0-0: Ball
1-0: Foul Ball, location: 2F
1-1: Called Strike
1-2: Ball
2-2: Grounds into double play, 6-4-3 (Groundball, 6, EV 84.4 MPH)
Batting: RHB Luke Kreijling 0-0: Foul Ball, location: 2F
0-1: Ball
1-1: Called Strike
1-2: Foul Ball, location: 2F
1-2: Ball
2-2: Foul Ball, location: 2F
2-2: Ball
3-2: Ground out 5-3 (Groundball, 56, EV 106.2 MPH)
Bottom of the 4th over - 0 runs, 1 hit, 0 errors, 0 left on base; Springfield 2 - Atlantic City 0
TOP OF THE 5TH
Springfield Shooters batting - Pitching for Atlantic City Sonics : RHP Abakada Mana
Batting: LHB Herman Patton 0-0: Called Strike
0-1: Ball
1-1: Ball
2-1: Foul Ball, location: 2F
2-2: Ground out 5-3 (Groundball, 56S, EV 89.4 MPH)
Batting: RHB David Milliken 0-0: Called Strike
0-1: Fly out, F9 (Flyball, 9, EV 83.8 MPH)
Batting: LHB Sean Cox 0-0: Foul Ball, location: 2F
0-1: Ball
1-1: Ball
2-1: Ball
3-1: Base on Balls
Batting: RHB Manny Dedo 0-0: Called Strike
0-1: Fly out, F8 (Flyball, 8RD, EV 90.6 MPH)
Top of the 5th over - 0 runs, 0 hits, 0 errors, 1 left on base; Springfield 2 - Atlantic City 0
BOTTOM OF THE 5TH
Atlantic City Sonics batting - Pitching for Springfield Shooters : LHP Morton Huffman
Batting: LHB Ricardo Yates 0-0: Ball
1-0: Ball
2-0: Ball
3-0: Called Strike
3-1: Called Strike
3-2: Strikes out looking
Batting: LHB David de Meij 0-0: Ball
1-0: Swinging Strike
1-1: DOUBLE (Line Drive, 9LM, EV 102.5 MPH)
Batting: LHB Tim Gonzáles 0-0: Foul Ball, location: 2F
0-1: Foul Ball, location: 2F
0-2: Strikes out swinging
Batting: RHB Sergio Zacagnini 0-0: Ball
1-0: Called Strike
1-1: Ball
2-1: Foul Ball, location: 2F
2-2: Ball
3-2: Foul Ball, location: 2F
3-2: Foul Ball, location: 2F
3-2: Strikes out swinging
Bottom of the 5th over - 0 runs, 1 hit, 0 errors, 1 left on base; Springfield 2 - Atlantic City 0
TOP OF THE 6TH
Springfield Shooters batting - Pitching for Atlantic City Sonics : RHP Abakada Mana
Batting: RHB Olo Iukekini 0-0: Swinging Strike
0-1: Ball
1-1: Foul Ball, location: 2F
1-2: SINGLE (Groundball, 56D, EV 105.6 MPH)
Batting: RHB Orlando Samundio 0-0: Sac Bunt to 2R - play at second, runner OUT! 2-6
Batting: RHB Ricardo Torres 0-0: Ball
1-0: Fielders Choice at 2nd, 1-6 (Groundball, 13, EV 83.8 MPH)
Batting: RHB Charles Sheffield 0-0: Ball
1-0: Foul Ball, location: 2F
1-1: Ball
2-1: Bunted foul
2-2: Fielders Choice at 2nd, 6-4 (Groundball, 6, EV 90.0 MPH)
Top of the 6th over - 0 runs, 1 hit, 0 errors, 1 left on base; Springfield 2 - Atlantic City 0
BOTTOM OF THE 6TH
Atlantic City Sonics batting - Pitching for Springfield Shooters : LHP Morton Huffman
Batting: LHB Bill Stanton 0-0: Called Strike
0-1: Called Strike
0-2: Fly out, F9 (Line Drive, 9, EV 96.9 MPH)
Pitching: RHP César González
Batting: RHB Gary Jenkins 0-0: Swinging Strike
0-1: Ball
1-1: Swinging Strike
1-2: Ball
2-2: Ball
3-2: Strikes out swinging
Batting: LHB Guan-pei Bei 0-0: Called Strike
0-1: Called Strike
0-2: Ball
1-2: Foul Ball, location: 2F
1-2: Foul Ball, location: 2F
1-2: Ball
2-2: Foul Ball, location: 2F
2-2: Ground out 4-3 (Groundball, 34D, EV 100.0 MPH)
Bottom of the 6th over - 0 runs, 0 hits, 0 errors, 0 left on base; Springfield 2 - Atlantic City 0
TOP OF THE 7TH
Springfield Shooters batting - Pitching for Atlantic City Sonics : RHP Abakada Mana
Batting: RHB Clay Myers 0-0: Ball
1-0: Foul Ball, location: 2F
1-1: Ball
2-1: Swinging Strike
2-2: Ball
3-2: SINGLE (Flyball, 9LS, EV 88.8 MPH)
Pitching: LHP César Pérez
Batting: LHB Herman Patton 0-0: Bunted foul
0-1: Reached on error, E2 (Groundball, 2R, EV 43.8 MPH)
Clay Myers to third
Batting: RHB David Milliken 0-0: Fly out, F8 (Flyball, 8RD, EV 83.1 MPH)
Batting: LHB Sean Cox 0-0: Ball
1-0: Called Strike
1-1: Swinging Strike
1-2: Strikes out looking
Batting: RHB Manny Dedo 0-0: Ball
1-0: Ball
2-0: Foul Ball, location: 2F
2-1: Foul Ball, location: 2F
2-2: Hit by Pitch
Batting: RHB Olo Iukekini 0-0: Called Strike
0-1: Fielders Choice at 2nd, 5-4 (Groundball, 56, EV 86.2 MPH)
Top of the 7th over - 0 runs, 1 hit, 1 error, 3 left on base; Springfield 2 - Atlantic City 0
BOTTOM OF THE 7TH
Atlantic City Sonics batting - Pitching for Springfield Shooters : RHP César González
Batting: RHB Luis Rodríguez 0-0: Foul Ball, location: 2F
0-1: Fly out, F4 (Popup, 4S, EV 63.8 MPH)
Batting: RHB Luke Kreijling 0-0: Called Strike
0-1: Called Strike
0-2: Foul Ball, location: 2F
0-2: Ball
1-2: Foul Ball, location: 2F
1-2: Ground out 6-3 (Groundball, 6MD, EV 85.6 MPH)
Batting: LHB Ricardo Yates 0-0: Fly out, F8 (Flyball, 8LM, EV 88.1 MPH)
Bottom of the 7th over - 0 runs, 0 hits, 0 errors, 0 left on base; Springfield 2 - Atlantic City 0
TOP OF THE 8TH
Springfield Shooters batting - Pitching for Atlantic City Sonics : LHP César Pérez
Batting: RHB Orlando Samundio 0-0: Swinging Strike
0-1: Swinging Strike
0-2: Ball
1-2: Ball
2-2: Ball
3-2: Strikes out looking
Batting: RHB Ricardo Torres 0-0: Fly out, F7 (Line Drive, 7, EV 90.6 MPH)
Batting: RHB Charles Sheffield 0-0: Foul Ball, location: 2F
0-1: SINGLE (Line Drive, 78S, EV 89.4 MPH)
Batting: RHB Clay Myers 0-0: Ball
1-0: Swinging Strike
1-1: Ball
2-1: Swinging Strike
2-2: Strikes out swinging
Top of the 8th over - 0 runs, 1 hit, 0 errors, 1 left on base; Springfield 2 - Atlantic City 0
BOTTOM OF THE 8TH
Atlantic City Sonics batting - Pitching for Springfield Shooters : RHP César González
Batting: LHB David de Meij 0-0: Ground out 2-3 (Groundball, 15S, EV 61.2 MPH)
Batting: LHB Tim Gonzáles 0-0: Ball
1-0: Fly out, F9 (Flyball, 89M, EV 87.5 MPH)
Batting: RHB Sergio Zacagnini 0-0: Ball
1-0: Called Strike
1-1: Ball
2-1: Fly out, F9 (Flyball, 9LM, EV 92.5 MPH)
Bottom of the 8th over - 0 runs, 0 hits, 0 errors, 0 left on base; Springfield 2 - Atlantic City 0
TOP OF THE 9TH
Springfield Shooters batting - Pitching for Atlantic City Sonics : LHP César Pérez
Batting: LHB Herman Patton 0-0: Ball
1-0: Foul Ball, location: 2F
1-1: Ball
2-1: Called Strike
2-2: Ball
3-2: Base on Balls
Batting: RHB David Milliken 0-0: Ball
1-0: Called Strike
1-1: Ball
2-1: SINGLE (Line Drive, 9LS, EV 105.0 MPH)
Herman Patton to second
Batting: LHB Sean Cox 0-0: Ball
Herman Patton steals 3rd base
1-0: Called Strike
1-1: Ball
2-1: Swinging Strike
2-2: Ball
3-2: Foul Ball, location: 2F
3-2: Fly out, F9 (Flyball, 9LSF, EV 80.0 MPH)
Runner from 3rd tags up, SCORES, no throw by RF
Pitching: RHP Sarda Chitturu
Batting: RHB Manny Dedo 0-0: Ball
1-0: Called Strike
1-1: Swinging Strike
1-2: Ball
2-2: Ball
3-2: Foul Ball, location: 2F
3-2: Strikes out swinging
David Milliken is caught stealing 2nd base 2-4
Batter strikes out.
Top of the 9th over - 1 run, 1 hit, 0 errors, 0 left on base; Springfield 3 - Atlantic City 0
BOTTOM OF THE 9TH
Atlantic City Sonics batting - Pitching for Springfield Shooters : RHP César González
Batting: LHB Bill Stanton 0-0: Ball
1-0: Ball
2-0: Foul Ball, location: 2F
2-1: Foul Ball, location: 2F
2-2: Foul Ball, location: 2F
2-2: Foul Ball, location: 2F
2-2: Foul Ball, location: 2F
2-2: Fly out, F6 (Popup, 15, EV 90.0 MPH)
Batting: RHB Gary Jenkins 0-0: Ball
1-0: Ball
2-0: Ball
3-0: Called Strike
3-1: Base on Balls
Batting: LHB Guan-pei Bei 0-0: Called Strike
0-1: Foul Ball, location: 2F
0-2: Foul Ball, location: 2F
0-2: Foul Ball, location: 2F
0-2: Ball
1-2: Foul Ball, location: 2F
1-2: Foul Ball, location: 2F
1-2: Strikes out swinging
Pitching: RHP Aletona Kylie
Batting: RHB Luis Rodríguez 0-0: SINGLE (Line Drive, 89M, EV 109.4 MPH)
Gary Jenkins to second
Pinch Hitting: LHB Manuel Gonzáles 0-0: Swinging Strike
0-1: Called Strike
0-2: Foul Ball, location: 2F
0-2: Foul Ball, location: 2F
0-2: Fly out, F7 (Flyball, 7D, EV 103.1 MPH)
Bottom of the 9th over - 0 runs, 1 hit, 0 errors, 2 left on base; Springfield 3 - Atlantic City 0
Friday, April 17th, 2020 - OOTP Baseball 20.8 Build 74